Zazza, lawful female dwarven Valkyrie ---- @ @ ... V --------- -..--------- @ @ --.....@.- --.@.|.......| @ --.%......A---.@..|.......| A |.....D@@D.@@..@.@AA.@@...| @ --..&&..@.A---..A@|.......| A@@V. --...|.......| @ --|- -..--------- A@@ A ------.A. ... @A@@A |...)@T@.. ---- AAA D --...----- @@@ A A --A@.. |----.@@- A@ @A@@)&..V%AA ------- Zazza the Lady Experience level: 30 Strength: 18/** Dexterity: 20 Constitution: 20 Intelligence: 21 Wisdom: 21 Charisma: 16 Health: 571(582) Energy: 97(174) Def: 42 Gold: 0 Moves: 93367 Dungeon seed: 787bx3dpOVtrSXoU Game ID: Zazza_1530105176 Your Inventory: Amulets P - an uncursed amulet of life saving (being worn) Weapons S - a blessed greased +7 silver saber (wielded in other hand) W - the blessed +7 Grayswandir (weapon in hand) Armor g - a blessed +4 silver dragon scale mail (being worn) h - an uncursed fireproof +4 cloak of protection (being worn) l - an uncursed fireproof +1 pair of speed boots (being worn) p - a blessed greased rustproof +4 pair of gauntlets of power B - an uncursed rustproof +5 helm of brilliance (being worn) H - a blessed fireproof +4 T-shirt (being worn) Comestibles v - a blessed lembas wafer Scrolls G - an uncursed scroll of magic mapping Potions E - an uncursed potion of speed Rings c - an uncursed ring of conflict f - an uncursed ring of free action (on left hand) k - an uncursed ring of levitation (on right hand) z - an uncursed ring of slow digestion F - an uncursed +1 ring of increase accuracy J - an uncursed ring of teleport control Wands b - a wand of teleportation (1:8) d - a wand of digging (2:0) i - a wand of teleportation (0:4) j - a wand of polymorph (2:3) m - a wand of teleportation (0:4) n - a wand of teleportation (0:4) o - a wand of cold (0:7) q - a wand of teleportation (0:3) w - a wand of death (3:0) x - a wand of striking (1:8) y - a wand of lightning (0:5) A - a wand of death (1:5) C - a wand of cancellation (1:10) D - a wand of undead turning (1:7) I - a wand of digging (0:1) K - a wand of probing (1:11) N - a wand of teleportation (0:5) Q - a wand of cancellation (0:7) R - a wand of cancellation (2:12) U - a wand of speed monster (0:4) V - a wand of fire (0:6) X - a wand of fire (0:11) Y - a wand of digging (0:6) Tools r - a blessed bag of holding s - an uncursed magic whistle t - an uncursed greased stethoscope u - a blessed greased +0 unicorn horn L - an uncursed pair of lenses (being worn) M - the blessed greased Magic Mirror of Merlin O - the Bell of Opening (0:1) T - an uncursed towel Z - the blessed Orb of Fate (0:3) Contents of the bag of holding: 2361 gold pieces a cursed amulet of change a cursed amulet of change an uncursed amulet of life saving an uncursed amulet of life saving an uncursed amulet of life saving a blessed amulet of magical breathing the +0 Frost Brand an uncursed +0 helm of opposite alignment a blessed greased fireproof +4 pair of jumping boots an uncursed lembas wafer 2 uncursed pancakes 2 uncursed slime molds 7 blessed scrolls of charging an uncursed scroll of create monster 3 cursed scrolls of create monster a blessed scroll of enchant armor an uncursed scroll of enchant weapon an uncursed scroll of food detection a blessed scroll of identify an uncursed scroll of identify a blessed scroll of remove curse an uncursed scroll of scare monster an uncursed scroll of taming 3 uncursed scrolls of teleportation a blessed potion of enlightenment an uncursed potion of full healing 6 uncursed potions of gain level an uncursed potion of invisibility a cursed potion of invisibility 3 blessed potions of object detection 2 uncursed potions of object detection a potion of unholy water an uncursed potion of water an uncursed +4 ring of adornment an uncursed +3 ring of adornment an uncursed +2 ring of adornment an uncursed rusty +1 ring of adornment an uncursed ring of polymorph an uncursed ring of polymorph control a wand of cold (0:6) a wand of cold (0:5) a wand of cold (0:5) a wand of death (0:5) a wand of digging (0:6) a wand of digging (0:6) a wand of digging (0:6) a wand of digging (0:6) a wand of digging (0:5) a wand of digging (0:4) a wand of digging (0:4) a wand of digging (0:4) a wand of fire (0:8) a wand of secret door detection (0:15) a wand of striking (1:11) a wand of teleportation (0:8) a wand of teleportation (0:7) a wand of undead turning (0:5) a drum of earthquake (0:4) an uncursed figurine of an umber hulk 2 blessed tallow candles (0:200) a +0 unicorn horn an uncursed wax candle (0:400) 11 uncursed amethyst stones an uncursed black opal 4 uncursed diamonds 4 uncursed dilithium crystals 2 uncursed emeralds a blessed luckstone named luck 3 uncursed opals an uncursed ruby a blessed touchstone Spells and supernatural/magical abilities: Name Level Category Fail Memory a - force bolt 1 attack 30% 80% d - dig 5 matter 87% 80% e - charm monster 3 enchantment 30% 80% f - fireball 4 attack 69% 80% h - healing 1 healing 12% 80% i - invisibility 4 escape 69% 80% j - jumping 1 escape 30% 80% k - knock 1 matter 30% 80% l - light 1 divination 30% 80% m - magic missile 2 attack 30% 80% n - detect monsters 1 divination 30% 80% r - remove curse 3 clerical 12% 80% w - wizard lock 2 matter 30% 81% z - sleep 1* enchantment 30% 0% A - create familiar 6 clerical 100% 84% E - detect food 2 divination 30% 83% G - detect treasure 4* divination 69% 0% H - haste self 3 escape 30% 80% K - cure sickness 3* healing 12% 0% L - levitation 4* escape 69% 0% O - create monster 2 clerical 30% 80% P - polymorph 6 matter 100% 81% S - stone to flesh 3 healing 30% 81% V - teleportitis -- ability ? -- W - pray for help -- divine ? -- Your skills at the end: Fighting Skills two weapon combat [Skilled] riding [Skilled] Weapon Skills dagger [Basic] long sword [Expert] saber [Basic] hammer [Expert] Spellcasting Skills Final Attributes: You were the Hand of Elbereth. You were piously aligned. You were fire resistant. You were cold resistant. You were sleep resistant. You were disintegration-resistant. You were shock resistant. You were poison resistant. You were magic-protected. You resisted hallucinations. You saw invisible. You were telepathic. You were warned. You had infravision. You were sensing the presence of monsters. You were invisible to others. You were stealthy. You could teleport. You had teleport control. You were levitating. You were protected. You were very fast. You had reflection. You had free action. Your life would have been saved. You were wielding two weapons at once. You were extremely lucky. You had extra luck. Good luck did not time out for you. You survived. Vanquished creatures: Baalzebub Orcus Juiblex The Wizard of Yendor (9 times) Death Pestilence (twice) a high priest 7 mastodons Medusa 9 iron golems a ki-rin 10 storm giants 2 titans 10 glass golems 3 balrogs 11 purple worms a silver dragon 7 red dragons 10 white dragons 6 black dragons 12 blue dragons 2 green dragons 2 yellow dragons 28 minotaurs 6 jabberwocks Lord Surtur 15 baluchitheria 5 Angels 3 demiliches Vlad the Impaler 13 stone golems 3 master mind flayers 4 Olog-hai 9 Nazgul 14 pit fiends 10 sandestins 3 hell hounds 14 titanotheres 9 trappers 4 baby silver dragons a baby orange dragon 2 baby yellow dragons a guardian naga 12 disenchanters 30 vampire lords 6 shades 5 skeletons a shopkeeper 3 aligned priests 11 captains 2 liches 10 clay golems 23 nurses 7 ice devils 3 nalfeshnees 12 lurkers above 2 Aleaxes 14 frost giants 8 ettins a golden naga 9 black puddings 31 vampires 31 ghosts 9 lieutenants a wizard 3 queen bees 3 mind flayers 4 giant mimics 17 zruties 26 fire giants 14 ogre kings 4 ice trolls 14 rock trolls 9 umber hulks 6 flesh golems 9 Elvenkings 8 doppelgangers 34 hezrous 21 bone devils 3 large mimics 10 wumpuses 5 fire vortices 17 long worms 3 couatls 21 stalkers 20 air elementals 8 fire elementals 15 earth elementals 8 water elementals 13 hill giants 7 giant mummies 10 xorns 22 giant zombies 23 elf-lords 20 sergeants 4 water demons 4 barbed devils 17 vrocks 10 salamanders 27 wargs 5 winter wolves 5 hell hound pups 12 small mimics 6 glass piercers 12 warhorses 10 steam vortices 22 xans 6 ettin mummies 22 ogre lords 33 quantum mechanics 38 trolls 4 wood golems 10 mariliths 2 djinn 4 sharks 6 electric eels 20 gelatinous cubes 4 pyrolisks a large dog 4 freezing spheres 11 flaming spheres 20 shocking spheres 8 large cats 12 tigers 4 gargoyles a dwarf king 10 tengu 18 ochre jellies 9 leocrottas 11 energy vortices 9 mountain centaurs 5 stone giants 10 elf mummies 12 human mummies 14 red nagas 6 green slimes 13 pit vipers 13 pythons 14 cobras 73 wraiths 4 carnivorous apes 20 ettin zombies 6 leather golems 30 Grey-elves 75 soldiers 2 horned devils 6 succubi 11 incubi 14 chameleons 6 crocodiles 18 giant beetles 9 quivering blobs 9 cockatrices 21 wolves 14 winter wolf cubs 7 lynxes 7 panthers 2 gremlins 11 spotted jellies 20 leprechauns 9 orc-captains 15 iron piercers 3 mumakil 11 giant spiders 21 scorpions 13 horses 3 ice vortices 16 black lights 18 vampire bats 9 forest centaurs a gnome king 8 orc mummies 7 dwarf mummies 24 ogres 7 brown puddings 19 rust monsters 21 owlbears 19 yetis 6 gold golems 10 werewolves 31 Green-elves 4 giant eels 22 lizards 10 chickatrices 5 dogs 7 dingos 6 housecats 18 jaguars 2 dwarf lords 16 blue jellies 2 white unicorns 8 gray unicorns 9 black unicorns 16 dust vortices 13 ravens 3 plains centaurs 6 gnome mummies 17 snakes 6 water moccasins 19 apes 40 human zombies 9 rope golems 33 Woodland-elves 25 soldier ants 72 fire ants 8 bugbears 8 imps 26 lemures 12 quasits 8 wood nymphs 9 water nymphs 9 mountain nymphs 16 Mordor orcs 33 Uruk-hai 5 orc shamans 17 rock piercers 9 rock moles 14 ponies 11 fog clouds 24 yellow lights 6 shriekers 5 violet fungi a gnome lord a gnomish wizard 9 kobold mummies a golden naga hatchling a guardian naga hatchling 13 gray oozes 12 barrow wights 18 elf zombies 17 ghouls 8 straw golems 8 paper golems 3 jellyfish 3 baby crocodiles 27 giant ants 11 little dogs 17 floating eyes 6 kittens 5 dwarves 9 homunculi 5 kobold lords 10 kobold shamans 62 hill orcs 52 rothes 3 rabid rats 7 centipedes 5 giant bats 9 monkeys 29 orc zombies 14 dwarf zombies 4 wererats 4 werejackals 18 iguanas 94 killer bees 13 acid blobs 12 coyotes 5 gas spores 4 hobbits 16 manes a large kobold 8 hobgoblins 13 giant rats 9 cave spiders 7 brown molds 4 yellow molds 3 green molds 3 red molds 11 gnomes 18 garter snakes 13 gnome zombies 16 geckos 24 jackals 8 foxes 10 kobolds 11 goblins 10 sewer rats 36 grid bugs 11 bats 19 lichens 27 kobold zombies 19 newts 3393 creatures vanquished. Genocided or extinct species: chickatrices cockatrices pyrolisks gremlins gargoyles winged gargoyles mind flayers master mind flayers small mimics large mimics giant mimics black dragons liches demiliches master liches arch-liches rust monsters disenchanters Nazgul (extinct) jellyfish piranhas sharks giant eels electric eels krakens 24 species genocided. 1 species extinct. Voluntary challenges: You used a wielded weapon 5063 times, starting on turn 1. You read items or engraved 625 times, starting on turn 7525. You genocided 24 types of monsters, starting on turn 48526. You polymorphed 923 items, starting on turn 35947. You changed form 8 times, starting on turn 10425. You used 11 wishes, starting on turn 13854. You wished for your your first artifact on turn 48529. You split 1 pudding, starting on turn 48247. You wrote Elbereth's name 6 times, starting on turn 37953. You violated your moral code, losing 443 points of alignment, starting on turn 6513. Dungeon overview: The Dungeons of Doom: levels 1 to 27 Level 1 an altar to Tyr stairs to The Elemental Planes Level 2 a general store Level 3 Level 4 a general store stairs to The Gnomish Mines Level 5 (oracle (baby gray dragon)) Level 6 stairs to Sokoban Level 7 Level 8 (puddles) Level 9 a temple to Odin Level 10 Level 11 (poly) portal to The Quest Level 12 (spare pick axe) a delicatessen, an altar to Tyr Level 13 (unicorns) Level 14 (poly) Level 15 Level 16 some altars to Tyr, a sink Level 17 (home) some altars to Tyr and Loki Level 18 (rogue) Level 19 Level 20 a sink Level 21 a scroll shop Level 22 Level 23 Level 24 an altar to Tyr, a fountain, a sink Level 25 (medusa island) Level 26 (maze) Level 27 (castle) a fountain Gehennom: levels 28 to 50 Level 28 a temple to Moloch stairs to The Dungeons of Doom Level 29 Level 30 Level 31 (swamp) Level 32 (asmodeus) Level 33 Level 34 Level 35 Level 36 Level 37 Level 38 some shops, an altar to Moloch Level 39 Level 40 stairs to Vlad's Tower Level 41 Level 42 (third floor wizard) Level 43 (second floor wizard) Level 44 (first floor wizard) portal to Gehennom Level 45 Level 46 (fake tower) Level 47 (fake tower) portal to Gehennom Level 48 Level 49 (vibrating square) Level 50 The Gnomish Mines: levels 5 to 12 Level 5 stairs to The Dungeons of Doom Level 6 Level 7 Level 8 many shops, a temple to Loki, some fountains, a sink Level 9 Level 10 (unicorn) Level 11 Level 12 (poly) The Quest: levels 1 to 5 Level 1 portal to The Dungeons of Doom Level 2 Level 3 Level 4 Level 5 Sokoban: levels 2 to 5 Level 2 Level 3 Level 4 Level 5 stairs to The Dungeons of Doom Vlad's Tower: levels 37 to 39 Level 37 Level 38 Level 39 stairs to Gehennom The Elemental Planes: Astral Plane <- You were here a high altar Plane 4 portal to The Elemental Planes Plane 3 portal to The Elemental Planes Plane 2 portal to The Elemental Planes Plane 1 portal to The Elemental Planes History has recorded: On T:1 you entered the Dungeons of Doom to retrieve the Amulet of Yendor! On T:296 you advanced to experience level 2. On T:726 you reached level 2 of The Dungeons of Doom. On T:867 you advanced to experience level 3. On T:1513 you reached level 3 of The Dungeons of Doom. On T:1516 you advanced to experience level 4. On T:2833 you reached level 4 of The Dungeons of Doom. On T:3498 you advanced to experience level 5. On T:4120 you reached level 1 of The Gnomish Mines. On T:4148 you advanced to experience level 6. On T:4806 you reached level 2 of The Gnomish Mines. On T:5009 you advanced to experience level 7. On T:5293 you reached level 3 of The Gnomish Mines. On T:6707 you reached level 4 of The Gnomish Mines. On T:6775 you advanced to experience level 8. On T:6927 you advanced to experience level 9. On T:7582 you reached level 5 of The Dungeons of Doom. On T:8035 you reached level 6 of The Dungeons of Doom. On T:8283 you reached level 7 of The Dungeons of Doom. On T:8609 you reached level 8 of The Dungeons of Doom. On T:9771 you advanced to experience level 10. On T:9875 you reached level 5 of The Gnomish Mines. On T:10263 you reached level 6 of The Gnomish Mines. On T:10620 you reached level 7 of The Gnomish Mines. On T:11088 you reached level 8 of The Gnomish Mines. On T:11545 you advanced to experience level 13. On T:13714 you advanced to experience level 14. On T:13854 you wished for "blessed +3 silver dragon scale mail". On T:13918 you advanced to experience level 15. On T:16218 you reached level 9 of The Dungeons of Doom. On T:16417 you reached level 10 of The Dungeons of Doom. On T:16623 you reached level 11 of The Dungeons of Doom. On T:17989 you reached level 4 of Sokoban. On T:18417 you reached level 3 of Sokoban. On T:19485 you reached level 2 of Sokoban. On T:19998 you reached level 1 of Sokoban. On T:25664 you advanced to experience level 15. On T:26106 you were crowned as the Hand of Elbereth! On T:28308 you reached level 1 of The Quest. On T:28969 you embarked upon an epic quest. On T:29071 you reached level 2 of The Quest. On T:29253 you reached level 3 of The Quest. On T:29382 you reached level 4 of The Quest. On T:29710 you reached level 5 of The Quest. On T:29941 you killed Lord Surtur on level 5 of The Quest. On T:30415 you completed the quest! On T:30967 you reached level 12 of The Dungeons of Doom. On T:32436 you reached level 13 of The Dungeons of Doom. On T:32683 you reached level 14 of The Dungeons of Doom. On T:33029 you reached level 15 of The Dungeons of Doom. On T:33407 you reached level 16 of The Dungeons of Doom. On T:33960 you reached level 17 of The Dungeons of Doom. On T:35253 you advanced to experience level 16. On T:38629 you reached level 18 of The Dungeons of Doom. On T:38924 you reached level 19 of The Dungeons of Doom. On T:39165 you reached level 20 of The Dungeons of Doom. On T:39515 you reached level 21 of The Dungeons of Doom. On T:39836 you reached level 22 of The Dungeons of Doom. On T:41637 you reached level 23 of The Dungeons of Doom. On T:41988 you reached level 24 of The Dungeons of Doom. On T:42452 you reached level 25 of The Dungeons of Doom. On T:43556 you killed Medusa on level 25 of The Dungeons of Doom. On T:43564 you reached level 26 of The Dungeons of Doom. On T:44140 you reached The Castle. On T:44702 you received Grayswandir from Tyr. On T:45190 you advanced to experience level 17. On T:48391 you advanced to experience level 18. On T:48525 you wished for "2 blessed scrolls of genocide". On T:48526 you wished for "fixed magic marker". On T:48529 you wished for "The Magic Mirror of Merlin". On T:48529 you wished for "The Magic Mirror of Merlin". On T:48530 you wished for "The Magic Mirror of Merlin". On T:48535 you wished for "The Magic Mirror of Merlin". On T:49097 you advanced to experience level 19. On T:49587 you reached The Valley of the Dead. On T:50389 you advanced to experience level 20. On T:50505 you reached level 2 of Gehennom. On T:55465 you reached level 3 of Gehennom. On T:57107 you reached level 4 of Gehennom. On T:57330 you advanced to experience level 21. On T:58348 you killed Juiblex on level 4 of Gehennom. On T:58538 you reached level 5 of Gehennom. On T:61829 you wished for "burnt magic marker". On T:62966 you advanced to experience level 22. On T:66831 you reached level 6 of Gehennom. On T:67579 you reached level 7 of Gehennom. On T:68458 you reached level 8 of Gehennom. On T:68895 you reached level 9 of Gehennom. On T:69087 you advanced to experience level 23. On T:69405 you reached level 10 of Gehennom. On T:69981 you reached level 11 of Gehennom. On T:70212 you advanced to experience level 24. On T:71432 you reached level 12 of Gehennom. On T:71726 you advanced to experience level 25. On T:72164 you killed Orcus on level 11 of Gehennom. On T:73174 you advanced to experience level 25. On T:73175 you advanced to experience level 26. On T:73802 you wished for "fireproof magic marker". On T:74097 you advanced to experience level 27. On T:74279 you reached level 13 of Gehennom. On T:74408 you reached level 3 of Vlad's Tower. On T:74565 you reached level 2 of Vlad's Tower. On T:74715 you reached level 1 of Vlad's Tower. On T:74796 you killed Vlad the Impaler on level 1 of Vlad's Tower. On T:74890 you wished for "magic marker". On T:75193 you reached level 14 of Gehennom. On T:77223 you advanced to experience level 28. On T:77530 you advanced to experience level 29. On T:77743 you advanced to experience level 30. On T:78238 you reached level 15 of Gehennom. On T:79120 you reached level 17 of Gehennom. On T:79449 you reached level 18 of Gehennom. On T:79464 you reached level 19 of Gehennom. On T:79996 you reached level 20 of Gehennom. On T:80541 you reached level 21 of Gehennom. On T:81140 you reached level 22 of Gehennom. On T:85309 you received Demonbane from Tyr. On T:86490 you killed Baalzebub on level 9 of Gehennom. On T:88476 you wished for "blessed figurine of Ki-Rin". On T:90093 you killed Wizard of Yendor on level 15 of Gehennom. On T:90120 you performed the invocation. On T:90120 you reached level 23 of Gehennom. On T:90233 you killed Wizard of Yendor on level 23 of Gehennom. On T:90235 you gained the Amulet of Yendor! On T:90240 you lost the Amulet of Yendor. On T:90253 you killed Wizard of Yendor on level 23 of Gehennom. On T:90259 you killed Wizard of Yendor on level 23 of Gehennom. On T:90263 you gained the Amulet of Yendor! On T:91113 you killed Wizard of Yendor on level 15 of Gehennom. On T:92122 you lost the Amulet of Yendor. On T:92123 you gained the Amulet of Yendor! On T:92896 you reached the Plane of Earth. On T:92900 you killed Wizard of Yendor on the Plane of Earth. On T:92901 you killed Wizard of Yendor on the Plane of Earth. On T:92949 you lost the Amulet of Yendor. On T:92953 you killed Wizard of Yendor on the Plane of Earth. On T:92954 you gained the Amulet of Yendor! On T:93056 you reached the Plane of Air. On T:93114 you killed Wizard of Yendor on the Plane of Air. On T:93153 you reached the Plane of Fire. On T:93185 you reached the Plane of Water. On T:93300 you reached the Astral Plane. On T:93306 you killed Pestilence on the Astral Plane. On T:93316 you killed Death on the Astral Plane. On T:93348 you killed Pestilence on the Astral Plane. On T:93367 you lost the Amulet of Yendor. On T:93367 you offered the Amulet of Yendor to Tyr and ascended to the status of Demigoddess! Score breakdown: Gold: 2361 (11474 points) Experience: 30 levels (30000 points) Exploration: 50 levels (100.00%) (30000 points) Discoveries: 156 items ( 63.41%) (23889 points) Valuables value: 55050 (16126 points) Artifact value: 18000 (14475 points) Variety of kills: 282 monsters ( 74.02%) (25809 points) Turncount: 93367 turns (-5678 points) Survival: ascended (score multiplied by 200%) Total score: 292190 Latest messages: A shower of missiles bounces off the valkyrie! The renegade priestess of Tyr bumps right into you! The Angel of Loki just misses! The Angel of Loki hits! The Angel of Loki misses. The Angel of Loki casts a spell at you! A shower of missiles bounces off the valkyrie! A nearby voice intones: "Pilgrim, you enter a sacred place!" You can't see! (You can feel around with 'grope', typically on ^G.) You can see again. There is an altar to Tyr (lawful) here. a - the Amulet of Yendor. You offer the Amulet of Yendor to Tyr... An invisible choir sings, and you are bathed in radiance... The voice of Tyr thunders: "Congratulations, mortal!" "In return for thy service, I grant thee the gift of Immortality!" You ascend to the status of Demigoddess... Final status: Farvel Zazza the Demigoddess, ascended... You went to your reward with 292190 points, Frost Brand (worth 3000 zorkmids) The Magic Mirror of Merlin (worth 1500 zorkmids) The Bell of Opening (worth 5000 zorkmids) Grayswandir (worth 8000 zorkmids) The Orb of Fate (worth 3500 zorkmids) 11 amethyst stones (worth 6600 zorkmids), 4 dilithium crystals (worth 18000 zorkmids), 4 diamonds (worth 16000 zorkmids), 3 opals (worth 2400 zorkmids), 2 emeralds (worth 5000 zorkmids), 1 ruby (worth 3500 zorkmids), 1 black opal (worth 2500 zorkmids), 4 amulets of life saving (worth 600 zorkmids), 2 amulets of change (worth 300 zorkmids), 1 amulet of magical breathing (worth 150 zorkmids), and 2361 pieces of gold, after 93367 moves. You were level 30 with a maximum of 582 hit points when you ascended.